Map: Oblivion Express

Players

Domyvat

  • Race: Zerg Zerg

NamroodTuo

  • Race: Zerg Zerg

VOD

Have the link to the VOD?

Description

Time

  • Played on: Jan. 19, 2023, 7:04 a.m.
  • Length: 24:23
Show
View Real Time Build Order
Export as new Build Order

Domyvat Zerg 

Build Orders:  

Get SALT Encoding   

  18  0:03  Primal Drone  
  19  0:12  Primal Drone  
  19  0:19  Primal Drone  
  21  0:25  Primal Drone  
  22  0:33  Primal Drone  
  23  0:40  Extractor  
  23  0:52  Primal Drone  
  24  1:07  Primal Warden  
  25  1:17  Primal Drone  
  25  1:19  Extractor  
  26  1:26  Primal Drone  
  27  1:42  Primal Drone  
  28  1:54  Primal Drone  
  29  2:17  Primal Zergling  
  30  2:22  Primal Drone  
  30  2:26  Primal Zergling  
  32  2:58  Primal Drone x3  
  32  2:59  Primal Zergling  
  36  3:00  Primal Zergling  
  37  3:23  Primal Zergling  
  38  3:31  Primal Drone x2  
  38  3:39  Glevig's Den  
  39  3:49  Primal Drone  
  40  3:56  Primal Zergling x2  
  37  4:43  Primal Drone x2  
  37  4:44  Primal Drone  
  45  5:10  Primal Drone x2  
  45  5:16  Primal Hive  
  45  5:18  Murvar's Den  
  45  5:19  Primal Hydralisk  
  48  5:20  Primal Hydralisk x4  
  48  5:28  Primal Attacks Level 1  
  56  6:07  Primal Drone  
  56  6:08  Primal Drone x2  
  59  6:10  Primal Drone  
  60  7:01  Primal Hydralisk x5  
  60  7:08  Primal Drone  
  60  7:09  Primal Drone x2  
  73  7:12  Extractor  
  73  7:13  Extractor, Primal Drone  
  74  7:28  Primal Drone  
  74  7:29  Primal Drone x4  
  79  7:46  Primal Drone  
  79  7:47  Primal Drone  
  81  8:06  Primal Drone x2  
  81  8:09  Primal Drone  
  84  8:12  Primal Carapace Level 1  
  84  8:15  Primal Attacks Level 2  
  84  8:20  Muscular Augments  
  84  8:29  Dakrun's Den  
  81  9:30  Primal Drone  
  81  9:31  Primal Drone x4  
  81  9:35  Primal Drone  
  81  9:37  Primal Drone  
  88  9:53  Primal Warden  
  88  9:58  Primal Drone  
  91  10:01  Primal Warden  
  91  10:07  Primal Hydralisk  
  91  10:08  Primal Hydralisk x4  
  64  10:30  Healing Adaptation  
  101  11:05  Primal Ultralisk x2  
  101  11:06  Primal Ultralisk x3  
  131  11:37  Primal Drone  
  131  11:38  Primal Attacks Level 3  
  131  11:55  Brutal Charge  
  131  12:55  Barrage of Spikes  
  131  13:05  Primal Warden  
  131  13:07  Primal Warden  
  131  13:09  Primal Warden  
  131  13:14  Primal Ultralisk  
  131  13:15  Primal Ultralisk x2  
  131  13:19  Primal Hydralisk x2  
  151  14:42  Primal Ultralisk x3  
  167  15:57  Primal Warden  
  167  17:07  Primal Hydralisk x4  
  167  17:08  Primal Hydralisk x11  
  197  18:38  Primal Hydralisk  
  161  20:59  Primal Ultralisk x3  
  177  21:01  Primal Hydralisk x5  
  177  21:02  Primal Hydralisk x6  
  187  23:14  Primal Hydralisk  
  187  23:15  Primal Hydralisk x5  
  121  24:08  Primal Drone x5  
Show
View Real Time Build Order
Export as new Build Order

NamroodTuo Zerg 

Build Orders:  

Get SALT Encoding   

  12  0:04  Infested SCV  
  13  0:15  Infested SCV  
  14  0:25  Infested SCV  
  15  0:32  Overlord  
  15  0:48  Infested Barracks  
  15  0:58  Infested SCV  
  16  1:00  Infested SCV  
  16  1:06  Infested SCV  
  18  1:25  Infested SCV  
  19  1:44  Infested SCV  
  20  1:51  Infested Marine  
  20  1:54  Infested Marine  
  20  1:56  Overlord  
  22  2:00  Infested Marine  
  23  2:12  Overlord  
  23  2:21  Infested Refinery  
  23  2:26  Infested SCV, Infested Refinery  
  23  2:29  Infested Marine  
  25  2:30  Infested Marine x2  
  25  2:31  Infested Marine  
  28  2:48  Infested SCV  
  29  3:09  Infested SCV  
  30  3:13  Overlord  
  30  3:19  Infested Barracks Tech Lab  
  27  3:42  Infested SCV  
  27  3:47  Infested SCV  
  29  3:51  Retinal Augmentation  
  29  3:53  Infested Marine x2  
  29  3:54  Infested Marine x3  
  29  3:55  Infested Marine x2  
  29  3:56  Infested Marine x4  
  40  4:07  Infested Bunker  
  40  4:16  Infested SCV  
  40  4:17  Infested SCV  
  42  4:26  Infested Marine  
  42  4:27  Infested Marine x4  
  47  4:33  Overlord  
  47  5:02  Infested Marine  
  47  5:03  Infested Marine x4  
  47  5:07  Infested Command Center  
  52  5:15  Infested Marine  
  52  5:16  Infested Marine x2  
  55  5:21  Overlord  
  55  5:22  Overlord x2  
  37  5:48  Infested SCV  
  36  5:59  Infested Marine  
  37  6:00  Infested Marine x19  
  56  6:16  Infested SCV  
  57  6:28  Infested Engineering Bay  
  56  6:49  Infested SCV x3  
  56  7:11  Infested Bunker  
  60  7:27  Plagued Munitions  
  60  7:28  Infested Barracks  
  60  7:34  Infested Marine  
  60  7:35  Infested Marine x11  
  52  7:51  Infested Marine  
  52  7:52  Infested Marine x4  
  57  8:14  Infested Marine  
  57  8:15  Infested Marine x9  
  57  8:19  Infested Marine  
  65  8:34  Infested Marine x2  
  65  8:35  Infested Marine  
  54  8:42  Infested Marine  
  54  8:47  Infested Marine x2  
  54  8:48  Infested Marine x4  
  54  8:49  Infested Marine  
  62  8:55  Infested Marine  
  62  8:56  Infested Marine  
  60  9:14  Infested Marine  
  60  9:15  Infested Marine x7  
  67  9:46  Infested SCV x2, Infested Bunker  
  67  9:47  Infested SCV x3  
  76  9:59  Infested Barracks  
  70  10:00  Infested SCV  
  70  10:01  Infested SCV x4  
  78  10:13  Infested Bunker  
  78  10:18  Infested Marine  
  78  10:19  Infested Marine x10  
  86  10:29  Overlord x2  
  66  10:52  Infested Marine  
  66  10:53  Infested Marine x13  
  66  10:54  Infested Marine x13  
  66  10:55  Infested Marine x2  
  95  11:13  Infested Marine  
  95  11:14  Infested Marine x6  
  102  11:30  Overlord x3  
  102  11:31  Overlord x2  
  102  11:33  Overlord  
  98  11:55  Infested Marine x5  
  98  11:56  Infested Marine x9  
  103  12:11  Infested Marine x4  
  103  12:12  Infested Marine x5  
  112  12:20  Infested Marine  
  112  12:21  Infested Marine x3  
  112  12:28  Regenerative Plating  
  92  12:43  Infested Marine  
  92  12:44  Infested Marine x9  
  95  13:06  Infested Barracks  
  95  13:28  Stukov Infantry Weapons Level 1  
  95  13:29  Infested Bunker  
  99  13:36  Infested Bunker  
  99  13:39  Infested Marine  
  90  13:40  Infested Marine x15  
  96  13:53  Infested Marine  
  96  13:54  Infested Marine x11  
  94  14:27  Infested Marine  
  94  14:28  Infested Marine x10  
  94  14:29  Infested Marine x3  
  107  14:33  Infested Marine  
  107  14:34  Infested Marine  
  109  14:42  Infested Marine  
  109  14:43  Infested Marine x2  
  112  14:59  Infested Marine  
  112  15:00  Infested Marine x6  
  103  15:13  Infested Marine x4  
  103  15:14  Infested Marine x2  
  95  15:44  Overlord x6  
  95  15:45  Overlord x4  
  95  15:57  Infested Factory  
  95  16:03  Infested Marine  
  95  16:04  Infested Marine x16  
  95  16:08  Stukov Infantry Armor Level 1  
  99  16:10  Infested Marine  
  99  16:11  Infested Marine x4  
  99  16:19  Infested Marine x3  
  104  16:20  Infested Marine x7  
  104  16:30  Infested Marine  
  104  16:31  Infested Marine x9  
  104  16:32  Infested Marine x20  
  104  16:33  Infested Marine x2  
  130  16:46  Unknown  
  97  17:12  Infested Marine  
  97  17:13  Infested Marine x16  
  97  17:14  Infested Marine x20  
  97  17:15  Infested Marine x3  
  124  17:24  Infested Marine  
  124  17:25  Infested Marine x7  
  124  17:26  Infested Marine x3  
  124  17:27  Infested Marine  
  118  17:42  Infested Marine  
  118  17:43  Infested Marine x12  
  107  18:16  Infested Armory  
  97  18:27  Infested Marine  
  97  18:28  Infested Marine x15  
  97  18:29  Infested Marine x21  
  133  18:30  Infested Marine  
  132  18:48  Stukov Infantry Weapons Level 2  
  133  18:56  Infested Bunker  
  133  19:01  Infested Bunker  
  133  19:05  Infested Marine  
  133  19:06  Infested Marine x12  
  133  19:07  Infested Marine x16  
  133  19:08  Infested Marine  
  152  19:13  Infested Marine x4  
  152  19:14  Infested Marine  
  122  19:40  Infested Marine x5  
  122  19:41  Infested Marine x16  
  112  19:58  Infested Marine x5  
  112  19:59  Infested Marine x11  
  93  20:21  Infested Barracks  
  93  20:31  Infested Barracks  
  93  20:39  Infested Marine  
  94  20:40  Infested Marine x12  
  94  20:41  Infested Marine x19  
  125  21:05  Infested Marine  
  125  21:06  Infested Marine x16  
  125  21:07  Infested Marine x4  
  125  21:08  Infested Marine  
  113  21:39  Infested Marine  
  112  21:40  Infested Marine x9  
  112  21:41  Infested Marine x18  
  139  21:58  Calcified Armor  
  109  22:24  Infested Marine x5  
  109  22:25  Infested Marine x20  
  109  22:26  Infested Marine x7  
  117  23:08  Infested Marine  
  117  23:09  Infested Marine x10  
  115  23:10  Infested Marine x21  
  115  23:11  Infested Marine x15  
  140  23:22  Infested Marine  
  140  23:23  Infested Marine x9  
  140  23:24  Infested Marine x21  
  140  23:25  Infested Marine x2  
  160  23:41  Infested Marine  
  160  23:42  Infested Marine x15  
  160  23:43  Infested Marine x17  
Tags
 
Commander
DehakaStukov
Matchup
Co-op
Replay Pack
Multiplayer
Add a new tag
Caveats
  • Supply blocks, unpowered buildings, or Contaminate may cause inaccurate times.
  • Supply counts are checked every 10 seconds.